 Dungeon Crawl Stone Soup version 0.20.1-1-g8b1a95d (webtiles) character file.

29 Irenicus the Firebug (level 3, -1/26 HPs)
             Began as a Hill Orc Fire Elementalist on Oct 11, 2017.
             Killed by divine providence
             ... invoked by an orc priest
              (15 damage)
             ... on level 3 of the Dungeon.
             The game lasted 00:04:37 (1006 turns).

Irenicus the Firebug (Hill Orc Fire Elementalist)   Turns: 1006, Time: 00:04:37

Health: -1/26      AC:  3    Str: 10    XL:     3   Next: 16%
Magic:  0/5        EV: 12    Int: 16    God:
Gold:   84         SH:  0    Dex: 11    Spells: 4/5 levels left

rFire    . . .     SeeInvis .   s - staff of air
rCold    . . .     Gourm    .   (no shield)
rNeg     . . .     Faith    .   a - +0 robe
rPois    .         Spirit   .   (no helmet)
rElec    +         Reflect  .   (no cloak)
rCorr    .         Harm     .   g - +0 pair of gloves
MR       .....                  (no boots)
Stlth    ++........             (no amulet)
Regen    0.1/turn               f - ring of flight
MPRegen  0.1/turn               l - ring of wizardry

@: no status effects
A: no striking features
a: Convert to Beogh, Evoke Flight


You were on level 3 of the Dungeon.
You were not hungry.

You visited 1 branch of the dungeon, and saw 3 of its levels.

You collected 84 gold pieces.

Inventory:

Armour
 a - a +0 robe (worn)
 g - a +0 pair of gloves (worn)
Magical Staves
 s - an uncursed staff of air (weapon)
Jewellery
 f - a ring of flight (left hand)
 l - a ring of wizardry (right hand)
Scrolls
 i - a scroll of remove curse {unknown}
 j - a scroll of recharging {unknown}
 n - a scroll of enchant armour {unknown}
 o - 2 scrolls of fog {unknown}
 r - a scroll of fear {unknown}
Potions
 e - 2 potions of lignification {unknown}
 h - 4 potions of curing {unknown}
 k - a potion of cancellation {unknown}
 m - a potion of haste {unknown}
Books
 b - a book of Flames

   Spells                             Type                      Level
   a - Flame Tongue                   Conjuration/Fire             1
   b - Throw Flame                    Conjuration/Fire             2
   c - Conjure Flame                  Conjuration/Fire             3
   d - Inner Flame                    Hexes/Fire                   3
   e - Sticky Flame                   Conjuration/Fire             4
   f - Fireball                       Conjuration/Fire             5
Comestibles
 c - 2 bread rations
 d - a royal jelly
 p - a meat ration
 q - 2 chunks of flesh


   Skills:
 - Level 1.5 Dodging
 - Level 1.5 Stealth
 - Level 1.5 Spellcasting
 + Level 1.7 Conjurations
 + Level 4.2 Fire Magic


You had 4 spell levels left.
You knew the following spells:

 Your Spells              Type           Power        Failure   Level  Hunger
a - Flame Tongue          Conj/Fire      ##...        2%          1    ##.....


Dungeon Overview and Level Annotations

Branches:
Dungeon (2/15)

Altars:


Message History

The orc priest looks satisfied for a moment.
There is an open door here.
The orc priest looks braver for a moment.
There is an open door here.
Casting: Flame Tongue
Confirm with . or Enter, or press ? or * to list all spells.
Aiming: Flame Tongue
Press: ? - help, Shift-Dir - straight line, f/p - orc priest
Aim: an orc priest, wielding a falchion (almost dead)
The flame tongue hits the orc priest.
The orc priest is almost dead.
The orc priest shouts, "Beogh is our master!
Accept the truth or die!"
The orc priest invokes the aid of Beogh against you.
Beogh smites you!
The orc priest miscasts a cantrip.
The orc priest looks satisfied for a moment.
The orc priest mumbles some strange prayers to Beogh against you.
Beogh smites you!
Ouch! That really hurt!
You die...

##o## #.#<#.##
#.# #.#.#.# #o#
#.....# ##o##
###)### ##...##
#.# #(....###
#.# #.......#
#.#
#.#.###.###.#
#.#......@..#
....###.#####
##.#.# #.#
########.#.# #.#
.........#.###.#
#######........#
# #.##.#####
#######.##.#.##
.##.. ......#.#


You could see an orc priest.

Vanquished Creatures
  An orc (D:3)
  2 ball pythons
  A giant cockroach (D:1)
  6 goblins
  5 hobgoblins
  5 bats (D:1)
  A frilled lizard (D:2)
  2 kobolds
  3 rats (D:1)
26 creatures vanquished.

Notes
Turn   | Place    | Note
-------+----------+-------------------------------------------
     0 | D:1      | Irenicus the Hill Orc Fire Elementalist began the quest for the Orb.
     0 | D:1      | Reached XP level 1. HP: 14/14 MP: 3/3
   122 | D:1      | Reached XP level 2. HP: 11/20 MP: 0/4
   280 | D:1      | Reached skill level 4 in Fire Magic
   803 | D:2      | Reached XP level 3. HP: 26/26 MP: 2/5
   821 | D:2      | Found a faded altar of an unknown god.
   854 | D:2      | You fall through a shaft!
  1006 | D:3      | Killed from afar by an orc priest

Skill      XL: |  1  2 |
---------------+-------+-----
Fire Magic     | 4 |  4.2
Dodging        | |  1.5
Stealth        | |  1.5
Spellcasting   | |  1.5
Conjurations   | |  1.7

Action                   || total
-------------------------++-------
Melee: Unarmed           ||    34
       Staff             ||     1
 Cast: Flame Tongue      ||    42
 Stab: Sleeping          ||     2
  Eat: Chunk             ||     1
Armor: Robe              ||    13
Dodge: Dodged            ||    39
